 Dungeon Sprint DCSS version 0.31-a0-920-g28cbb04a8c (webtiles) character file.

Game seed: 2104874619629825854

3 sircluck the Ruffian (level 1, -1/33 HPs)
             Began as a Troll Berserker on Oct 17, 2023.
             Was a Follower of Trog.
             Slain by a black mamba (3 damage)
             ... in the Dungeon (Sprint VII: "The Pits").
             The game lasted 00:00:11 (29 turns).

sircluck the Ruffian (Troll Berserker)                Turns: 29, Time: 00:00:12

Health: -1/33      AC:  4    Str: 24    XL:     1   Next: 41%
Magic:  0/0        EV: 10    Int:  3    God:    Trog [*.....]
Gold:   0          SH:  0    Dex:  9    Spells: 0/0 levels left

rFire   . .          .
                       - Unarmed
rCold   . . .        (no shield)
rNeg    . . .        a - +0 animal skin
rPois   .            (helmet restricted)
rElec   .            (no cloak)
rCorr   .            (gloves unavailable)
SInv    .            (boots unavailable)
Will    .....        (no amulet) Stlth
                     (no ring)
HPRegen 1.05/turn    (no ring)
MPRegen 0.07/turn

%: no teleportation
@: berserking (expiring), lethally poisoned (-1 -> -3), very quick
A: large, unfitting armour, claws 3, regeneration 1, shaggy fur 1, tough skin 1
a: Renounce Religion, Berserk


You were in the Dungeon.
You worshipped Trog.
Trog was aware of your devotion.
You visited 1 branch

Inventory:

Armour
 a - a +0 animal skin (worn)
Scrolls
 g - a scroll of blinking
Potions
 b - a potion of curing
 c - a potion of heal wounds
 d - a potion of haste
 e - 2 potions of magic
 f - a potion of berserk rage


   Skills:
 + Level 2.8 Fighting
 + Level 2.8 Dodging
 + Level 3.4 Unarmed Combat


You couldn't memorise any spells.
You didn't know any spells.
Your spell library was empty.

Dungeon Overview and Level Annotations

Branches:
Dungeon (1/1)

Altars:


Innate Abilities, Weirdness & Mutations

You are too large for most types of armour.
You have claws for hands.
Your natural rate of healing is unusually fast.
You are covered in fur. (AC +1)
You have tough skin. (AC +1)


Message History

Unknown command.
An iguana comes into view.
The iguana hisses angrily.
The black mamba hisses angrily.
A red film seems to cover your vision as you go berserk!
You feel yourself moving faster!
You feel mighty! The iguana barely misses you.
You mangle the worm!!
The worm is almost dead.
You claw the worm!
You kill the worm!
Trog accepts your kill. The iguana barely misses you.
The black mamba bites you but does no damage.
Unknown command.
Unknown command.
You barely miss the black mamba. The black mamba closely misses you.
You barely miss the black mamba. Your claw misses the black mamba.
The iguana closely misses you. The black mamba bites you!
You are poisoned.
The black mamba poisons you!
You miss the black mamba.
You feel very sick. The black mamba bites you.
You closely miss the black mamba.
You feel sick. The iguana barely misses you. The black mamba misses you.
You barely miss the iguana.
You feel sick.
The black mamba bites you but does no damage.
The iguana bites you.
* * * LOW HITPOINT WARNING * * *
You claw the iguana!
The iguana is almost dead.
* * * LOW HITPOINT WARNING * * *
You feel sick. The black mamba barely misses you.
The black mamba closely misses you.
The iguana bites you but does no damage.
You scratch the iguana.
You kill the iguana!
Trog accepts your kill.
* * * LOW HITPOINT WARNING * * *
You feel sick. The black mamba bites you.
You die...

+................+
#......#..#......#
#................#
####'#####''######
#.......##''#
#.......##..##
#.......##...##
#...<...###...##+##.
#.......# ##@.......
#.......# #†S###+###
#.......##..##
##########.. #.. ##.
##


You could see a black mamba.

Vanquished Creatures
  An iguana (D)
  A worm (D)
2 creatures vanquished.

Notes
Turn   | Place    | Note
-------+----------+-------------------------------------------
     0 | D        | sircluck the Troll Berserker began the quest for the Orb.
     0 | D        | Reached XP level 1. HP: 22/22 MP: 0/0
    16 | D        | Noticed a black mamba
    19 | D        | Noticed an iguana
    29 | D        | Killed an iguana
    29 | D        | Slain by a black mamba

Illustrated notes

Levels and vault maps discovered:
D:        pitsprint [storerooms_1, entrance_room_1, metal_vault_5, armoury_2,
          mini_pit_1, grid_room_1, main_hall_1, silver_pit, the_coven_1,
          the_vestibule_1, steel_vault_2, golden_pit, hallway_of_sentries,
          crystal_vault_1, iron_vault_2, final_vault]

Action                     || total
---------------------------++-------
  Melee: Unarmed           ||     9
 Invoke: Berserk           ||     1
 Armour: Animal skin       ||     7
  Dodge: Dodged            ||     8

Table legend: (Time is in decaauts)
 A = Elapsed time spent in this place.
 B = Non-inter-level travel time spent in this place.
 C = Inter-level travel time spent in this place.
 D = Time resting spent in this place.
 E = Time spent auto-exploring this place.
 F = Levels seen in this place.
 G = Mean time per level.
                   A        B        C        D        E       F      G
               +--------+--------+--------+--------+--------+-----+--------+
         Total |     26 |     26 |      0 |      0 |     16 |   1 |   26.0 |
       Dungeon |     26 |     26 |      0 |      0 |     16 |   1 |   26.0 |
               +--------+--------+--------+--------+--------+-----+--------+

Top non-repeatable levels by time:
       D: 26 daAuts
